[ AOE2 MATCH · #461222474 ]
UnrankedVietnamese vs Malians
Rival team · LOSS
[ REPLAY ANALYSIS · EXTRACTED FROM THE RECORDED GAME ]
Feudal
11:06
Castle
26:17
Imperial
—
| APM avg | 30.2 |
| APM peak | 74 |
| eAPM avg | 15.4 |
| Villagers / military | 101 / 89 |
Focus
⚔️ 29.1% · 🌾 70.9%
Fire Lancer ×51 · Archer ×36 · Skirmisher ×2
Feudal
9:51
Castle
28:22
Imperial
—
| APM avg | 33.1 |
| APM peak | 62 |
| eAPM avg | 15.7 |
| Villagers / military | 94 / 105 |
Focus
⚔️ 28.1% · 🌾 71.9%
Skirmisher ×66 · Gbeto ×24 · Spearman ×9 · Militia ×4 · Archer ×1 · Scout Cavalry ×1
Match map
Initial resources + every placement click. Lines = walls · curves = elevation contours. ◆ gold · ⬟ stone · ● berries · ✦ relic · ◌ wall gap
Your base· Open — unwalled flank
lehan1112's base· Open — unwalled flank
Smoothed initial terrain · ◌ = detected wall gap · hover for details
Inputs per minute
— Soulciologist - - lehan1112
Build order — Soulciologist
First 150 of 304 actions detected
| 0:01 | Create | Villager (Male) |
| 0:01 | Create | Villager (Male) |
| 0:02 | Build | House |
| 0:04 | Build | House |
| 0:27 | Create | Villager (Male) |
| 0:27 | Create | Villager (Male) |
| 1:38 | Create | Villager (Male) |
| 1:54 | Build | Lumber Camp |
| 2:01 | Create | Villager (Male) |
| 2:26 | Create | Villager (Male) |
| 2:57 | Create | Villager (Male) |
| 3:10 | Create | Villager (Male) |
| 3:34 | Create | Villager (Male) |
| 3:54 | Build | House |
| 4:21 | Create | Villager (Male) |
| 4:28 | Build | Mill |
| 5:02 | Create | Villager (Male) |
| 6:00 | Create | Villager (Male) |
| 6:01 | Create | Villager (Male) |
| 6:28 | Create | Villager (Male) |
| 6:48 | Build | House |
| 6:54 | Create | Villager (Male) |
| 7:24 | Create | Villager (Male) |
| 8:01 | Create | Villager (Male) |
| 8:03 | Research | Loom |
| 8:03 | Research | Feudal Age |
| 8:10 | Build | Mining Camp |
| 8:33 | Build | Lumber Camp |
| 9:34 | Build | Barracks |
| 10:05 | Build | Palisade Wall |
| 10:28 | Create | Villager (Male) |
| 10:43 | Build | House |
| 11:03 | Build | Palisade Wall |
| 11:06 | Age | Feudal Age |
| 11:21 | Build | Archery Range |
| 11:26 | Build | Archery Range |
| 11:28 | Create | Villager (Male) |
| 11:28 | Create | Villager (Male) |
| 11:30 | Research | Double-Bit Axe |
| 11:33 | Research | Horse Collar |
| 11:47 | Build | House |
| 11:49 | Build | House |
| 12:04 | Create | Villager (Male) |
| 12:16 | Create | Archer |
| 12:24 | Create | Archer |
| 12:24 | Create | Archer |
| 12:24 | Create | Archer |
| 12:44 | Build | Blacksmith |
| 12:52 | Build | Blacksmith |
| 13:06 | Create | Villager (Male) |
| 13:09 | Build | House |
| 13:12 | Build | House |
| 13:15 | Build | House |
| 13:23 | Create | Archer |
| 13:39 | Research | Fletching |
| 13:46 | Create | Villager (Male) |
| 13:47 | Create | Villager (Male) |
| 13:55 | Create | Archer |
| 13:55 | Create | Archer |
| 14:00 | Create | Archer |
| 14:00 | Create | Archer |
| 14:15 | Create | Skirmisher |
| 14:15 | Create | Skirmisher |
| 14:25 | Build | House |
| 14:28 | Build | House |
| 14:59 | Create | Villager (Male) |
| 15:06 | Create | Archer |
| 15:06 | Create | Archer |
| 15:27 | Create | Archer |
| 15:27 | Create | Archer |
| 15:34 | Create | Archer |
| 15:34 | Create | Archer |
| 15:41 | Create | Villager (Male) |
| 15:47 | Create | Villager (Male) |
| 15:57 | Create | Archer |
| 15:58 | Create | Archer |
| 16:17 | Build | Farm |
| 16:19 | Build | Farm |
| 16:20 | Build | Farm |
| 16:22 | Build | Farm |
| 16:23 | Build | Farm |
| 16:25 | Build | Farm |
| 16:33 | Create | Villager (Male) |
| 16:37 | Create | Archer |
| 16:37 | Create | Archer |
| 16:48 | Build | Farm |
| 17:06 | Build | Farm |
| 17:09 | Build | Farm |
| 17:12 | Build | Farm |
| 17:34 | Create | Archer |
| 17:34 | Create | Archer |
| 17:40 | Research | Padded Archer Armor |
| 17:48 | Build | Palisade Wall |
| 17:56 | Create | Archer |
| 17:56 | Create | Archer |
| 17:58 | Create | Villager (Male) |
| 18:04 | Build | Farm |
| 18:15 | Build | House |
| 18:18 | Build | House |
| 18:19 | Build | House |
| 18:23 | Create | Villager (Male) |
| 18:30 | Build | Farm |
| 18:49 | Create | Villager (Male) |
| 18:56 | Build | Farm |
| 18:59 | Create | Villager (Male) |
| 19:18 | Create | Villager (Male) |
| 19:28 | Build | Palisade Wall |
| 19:29 | Create | Villager (Male) |
| 19:33 | Create | Archer |
| 19:34 | Create | Archer |
| 19:35 | Create | Archer |
| 19:40 | Build | Farm |
| 19:41 | Create | Villager (Male) |
| 19:46 | Build | Farm |
| 19:56 | Create | Archer |
| 20:12 | Create | Villager (Male) |
| 20:15 | Build | Farm |
| 20:23 | Create | Archer |
| 20:42 | Build | Farm |
| 20:51 | Create | Villager (Male) |
| 20:56 | Create | Archer |
| 20:57 | Create | Archer |
| 21:24 | Create | Villager (Male) |
| 21:31 | Build | Farm |
| 21:36 | Create | Villager (Male) |
| 21:39 | Create | Archer |
| 21:39 | Create | Archer |
| 21:57 | Create | Villager (Male) |
| 22:15 | Build | House |
| 22:17 | Build | House |
| 22:18 | Build | House |
| 22:20 | Build | House |
| 22:22 | Create | Villager (Male) |
| 23:33 | Create | Villager (Male) |
| 23:34 | Create | Villager (Male) |
| 23:38 | Research | Castle Age |
| 23:48 | Create | Villager (Male) |
| 23:55 | Research | Horse Collar |
| 24:21 | Build | Barracks |
| 24:23 | Build | Barracks |
| 24:26 | Create | Villager (Male) |
| 24:28 | Research | Gold Mining |
| 24:46 | Research | Wheelbarrow |
| 24:57 | Create | Archer |
| 24:57 | Create | Archer |
| 24:59 | Create | Archer |
| 24:59 | Create | Archer |
| 25:06 | Research | Scale Mail Armor |
| 25:07 | Research | Forging |
| 26:17 | Age | Castle Age |
Build order — lehan1112
First 150 of 291 actions detected
| 0:01 | Create | Villager (Male) |
| 0:01 | Create | Villager (Male) |
| 0:01 | Create | Villager (Male) |
| 0:02 | Create | Villager (Male) |
| 0:02 | Create | Villager (Male) |
| 0:02 | Create | Villager (Male) |
| 0:03 | Build | House |
| 0:06 | Build | House |
| 1:30 | Create | Villager (Male) |
| 1:30 | Create | Villager (Male) |
| 1:48 | Build | Lumber Camp |
| 2:03 | Create | Villager (Male) |
| 2:03 | Create | Villager (Male) |
| 2:20 | Create | Villager (Male) |
| 2:20 | Create | Villager (Male) |
| 2:20 | Create | Villager (Male) |
| 2:53 | Create | Villager (Male) |
| 2:53 | Create | Villager (Male) |
| 3:10 | Create | Villager (Male) |
| 3:11 | Create | Villager (Male) |
| 3:26 | Build | House |
| 3:40 | Create | Villager (Male) |
| 3:40 | Create | Villager (Male) |
| 3:51 | Build | Mill |
| 4:23 | Create | Villager (Male) |
| 4:24 | Create | Villager (Male) |
| 4:52 | Create | Villager (Male) |
| 4:52 | Create | Villager (Male) |
| 4:59 | Create | Villager (Male) |
| 4:59 | Create | Villager (Male) |
| 4:59 | Create | Villager (Male) |
| 5:07 | Build | House |
| 5:38 | Create | Villager (Male) |
| 5:38 | Create | Villager (Male) |
| 5:39 | Create | Villager (Male) |
| 5:39 | Create | Villager (Male) |
| 5:42 | Research | Loom |
| 6:39 | Build | Mining Camp |
| 7:30 | Build | Barracks |
| 7:41 | Research | Feudal Age |
| 8:27 | Create | Villager (Male) |
| 8:29 | Create | Militia |
| 8:30 | Create | Militia |
| 8:30 | Create | Militia |
| 8:35 | Build | House |
| 8:50 | Build | Farm |
| 9:04 | Build | Farm |
| 9:15 | Create | Militia |
| 9:37 | Build | House |
| 9:50 | Create | Villager (Male) |
| 9:51 | Age | Feudal Age |
| 9:54 | Build | Archery Range |
| 10:11 | Research | Man-at-Arms (upgrade) |
| 10:30 | Create | Villager (Male) |
| 10:44 | Create | Villager (Male) |
| 10:51 | Build | Palisade Wall |
| 11:12 | Create | Skirmisher |
| 11:12 | Create | Skirmisher |
| 11:30 | Create | Villager (Male) |
| 11:34 | Build | House |
| 11:42 | Create | Skirmisher |
| 11:48 | Build | Farm |
| 12:00 | Build | House |
| 12:04 | Create | Villager (Male) |
| 12:20 | Build | Farm |
| 12:26 | Research | Arson |
| 12:34 | Create | Skirmisher |
| 12:44 | Build | House |
| 12:54 | Create | Villager (Male) |
| 13:04 | Create | Skirmisher |
| 13:13 | Create | Skirmisher |
| 13:15 | Create | Villager (Male) |
| 13:23 | Build | Farm |
| 13:36 | Create | Villager (Male) |
| 13:47 | Create | Villager (Male) |
| 13:48 | Build | Farm |
| 14:03 | Create | Skirmisher |
| 14:06 | Create | Villager (Male) |
| 14:11 | Create | Villager (Male) |
| 14:16 | Build | House |
| 14:48 | Create | Skirmisher |
| 15:05 | Create | Skirmisher |
| 15:16 | Create | Skirmisher |
| 15:27 | Create | Skirmisher |
| 15:29 | Create | Villager (Male) |
| 15:32 | Build | Farm |
| 15:34 | Build | Farm |
| 15:37 | Build | House |
| 15:41 | Build | Farm |
| 15:41 | Create | Villager (Male) |
| 15:50 | Build | Farm |
| 15:55 | Build | House |
| 16:00 | Build | Farm |
| 16:09 | Build | Farm |
| 16:35 | Build | Blacksmith |
| 16:37 | Create | Villager (Male) |
| 16:42 | Build | Farm |
| 16:49 | Create | Skirmisher |
| 17:28 | Create | Skirmisher |
| 17:28 | Create | Skirmisher |
| 17:38 | Create | Skirmisher |
| 17:45 | Build | Archery Range |
| 17:47 | Create | Skirmisher |
| 17:48 | Create | Villager (Male) |
| 17:51 | Research | Fletching |
| 17:55 | Build | House |
| 18:09 | Create | Villager (Male) |
| 18:25 | Create | Skirmisher |
| 18:25 | Create | Skirmisher |
| 18:32 | Research | Double-Bit Axe |
| 18:37 | Build | Farm |
| 18:42 | Create | Skirmisher |
| 18:55 | Build | Farm |
| 18:57 | Create | Villager (Male) |
| 19:09 | Build | Lumber Camp |
| 19:24 | Build | Farm |
| 19:26 | Create | Villager (Male) |
| 19:31 | Create | Skirmisher |
| 19:31 | Create | Skirmisher |
| 19:44 | Create | Villager (Male) |
| 19:49 | Create | Skirmisher |
| 19:49 | Create | Skirmisher |
| 19:52 | Research | Padded Archer Armor |
| 20:04 | Build | Mining Camp |
| 20:07 | Build | House |
| 20:21 | Create | Villager (Male) |
| 20:23 | Build | Farm |
| 20:27 | Create | Skirmisher |
| 20:28 | Create | Skirmisher |
| 20:34 | Create | Skirmisher |
| 20:53 | Create | Spearman |
| 20:58 | Create | Villager (Male) |
| 21:07 | Create | Spearman |
| 21:12 | Create | Villager (Male) |
| 21:22 | Build | Market |
| 21:28 | Create | Spearman |
| 21:43 | Create | Skirmisher |
| 21:43 | Create | Skirmisher |
| 21:49 | Create | Villager (Male) |
| 22:00 | Build | Lumber Camp |
| 22:08 | Create | Villager (Male) |
| 22:16 | Build | Watch Tower |
| 22:19 | Create | Villager (Male) |
| 22:23 | Build | House |
| 22:24 | Build | House |
| 22:29 | Create | Skirmisher |
| 22:29 | Create | Skirmisher |
| 22:39 | Create | Spearman |
| 22:41 | Create | Villager (Male) |
| 23:18 | Build | House |
Match timeline
| 7:30 | lehan1112 · first_building Barracks |
| 9:34 | Soulciologist · first_building Barracks |
| 9:51 | lehan1112 · age_up feudal |
| 9:54 | lehan1112 · first_building Archery Range |
| 10:05 | Soulciologist · wall_segment Palisade Wall x6 |
| 10:51 | lehan1112 · wall_segment Palisade Wall x6 |
| 11:03 | Soulciologist · wall_segment Palisade Wall x3 |
| 11:06 | Soulciologist · age_up feudal |
| 11:21 | Soulciologist · first_building Archery Range |
| 17:48 | Soulciologist · wall_segment Palisade Wall x9 |
| 19:28 | Soulciologist · wall_segment Palisade Wall x19 |
| 24:03 | lehan1112 · first_market_buy 100 food |
| 26:17 | Soulciologist · age_up castle |
| 27:05 | lehan1112 · wall_segment Palisade Wall x10 |
| 27:44 | lehan1112 · first_building Stable |
| 28:22 | lehan1112 · age_up castle |
| 29:06 | lehan1112 · first_market_sell 100 food |
| 29:50 | lehan1112 · first_building Castle |
| 36:24 | Soulciologist · first_building Castle |
| 39:57 | lehan1112 · resign |
[ AI ANALYSIS · 1 CREDIT ]
What really happened in this match?
Wolo.gg analyzes every decision: build order, eco, micro, common mistakes by bracket. Personalized analysis on WhatsApp or Discord in 30 seconds.
Civ guide
Vietnamese
Perfil
Jugador #24412384